 Dungeon Crawl Stone Soup version 0.28-a0-677-g3278d6a771 (webtiles) character file.

Game seed: 14976597974999105956

1546 Aksej the Slasher (level 8, 0/63 HPs)
             Began as a Demonspawn Gladiator on Oct 18, 2021.
             Was an Initiate of Qazlal.
             Slain by a scorpion (8 damage)
             ... on level 7 of the Dungeon.
             The game lasted 00:21:03 (6672 turns).

Aksej the Slasher (Demonspawn Gladiator)            Turns: 6672, Time: 00:21:04

Health: 0/63       AC:  6    Str: 16    XL:     8   Next: 57%
Magic:  8/8        EV: 14    Int:  9    God:    Qazlal [......]
Gold:   238        SH:  0    Dex: 16    Spells: 7/7 levels left

rFire   . . .      SeeInvis .   a - +1 long sword (elec)
rCold   . . .      Faith    .   (no shield)
rNeg    . . .      Spirit   .   b - +0 leather armour
rPois   +          Reflect  .   (helmet restricted)
rElec   .          Harm     .   o - +0 cloak
rCorr   .          Rampage  .   (no gloves)
Will    .....                   (no boots)
Stlth   ++........              (no amulet)
HPRegen 0.20/turn               f - ring of poison resistance
MPRegen 0.11/turn               (no ring)

@: lethally poisoned (0 -> -2), hasted, very quick
A: antennae 1, slimy green scales 1, powered by pain 1
a: Renounce Religion


You were on level 7 of the Dungeon.
You worshipped Qazlal.
Qazlal was noncommittal.
You visited 2 branches of the dungeon, and saw 8 of its levels.

You collected 238 gold pieces.

Inventory:

Hand Weapons
 a - a +1 long sword of electrocution (weapon)
Missiles
 d - a throwing net
 g - 2 javelins
 m - 3 silver boomerangs (quivered)
Armour
 b - a +0 leather armour (worn)
 o - a +0 cloak (worn)
Jewellery
 f - a ring of poison resistance (left hand)
Wands
 e - a wand of iceblast (9)
Scrolls
 c - a scroll of amnesia
 i - 5 scrolls of teleportation
Potions
 h - a potion of resistance
 j - 3 potions of brilliance
 k - a potion of berserk rage
 p - a potion of magic


   Skills:
 * Level 5.4 Fighting
 + Level 5.6 Long Blades
 + Level 3.2 Throwing
 + Level 3.6 Armour
 * Level 5.1 Dodging
 + Level 2.6 Stealth


You had 7 spell levels left.
You didn't know any spells.
Your spell library contained the following spells:

 Spells                   Type           Power      Damage    Failure   Level
 Gell's Gravitas          Tloc           0%         N/A       82%         3
 Lesser Beckoning         Tloc           0%         N/A       82%         3
 Teleport Other           Tloc           0%         N/A       82%         3


Dungeon Overview and Level Annotations

Branches:
Dungeon (7/15)             Temple (1/1) D:4

Altars:
Cheibriados
Fedhas
Hepliaklqana
Makhleb
Okawaru
Qazlal
Ru
Sif Muna
Uskayaw
Vehumet
Wu Jian
Xom
Yredelemnul

Portals:
Bailey: D:7


Innate Abilities, Weirdness & Mutations

You have a pair of small antennae on your head.
You are partially covered in slimy green scales. (AC +2)
You sometimes gain a little power by taking damage.


Message History

You slash the orc wizard!
The orc wizard is almost dead.
An orc comes into view. It is wielding a +0 hand axe.
The scorpion stings you but does no damage.
The orc wizard hits you with a +0 dagger.
The orc warrior hits you from afar with a +0 glaive.
The orc closely misses you.
You barely miss the orc wizard.
The orc wizard is almost dead.
The scorpion stings you.
The orc wizard hits you with a +0 dagger.
The orc warrior hits you from afar with a +0 glaive!
The orc barely misses you. The scorpion misses you.
You are too injured to fight recklessly!
The orc wizard gestures at you while chanting.
You are confused.
The scorpion stings you.
You feel yourself speed up. The scorpion barely misses you.
You are too injured to fight recklessly!
You are too injured to fight recklessly!
You are too injured to fight recklessly!
You bump into the rock wall.
The scorpion stings you.
You are poisoned.
The scorpion poisons you!
The orc priest miscasts a cantrip.
You feel sick.
You closely miss the scorpion.
You feel sick. The scorpion misses you.
You feel sick.
Okay, then.
You bump into the rock wall.
You feel sick.
You bump into the rock wall.
You feel sick.
The orc wizard mumbles some strange words.
The orc wizard flickers and vanishes!
Deactivating autopickup; reactivate with Ctrl-A.
The scorpion stings you.
* * * LOW HITPOINT WARNING * * *
You bump into the rock wall.
You feel less confused. The scorpion stings you!
You die...

#.#... .... #.#...
..#. .# ##....o ...
.# #...... ..# .#
#..)..o ##..# .#
#.)∩)..{ #..# ##.#
?..).oo###.### #..
#.....ooo{.s@#### #.#
#######o##.#....####
#<#
#..##.####....#####.#
...###.#
####.......#### ..##
#.# ##.......... #.#
#.# #.......... ##
### #.........[
###########


You could see an orc warrior, a scorpion, an orc priest and 4 orcs.

Vanquished Creatures
  Prince Ribbit (D:5)
  Grinder (D:5)
  Menkaure (D:5)
  An orc warrior (D:4)
  3 ice beasts
  A sky beast (D:6)
  A water moccasin zombie (D:6)
  A wyvern skeleton (D:4)
  3 wights (D:6)
  3 hounds
  A jelly (D:6)
  2 orc priests (D:6)
  A bullfrog skeleton (D:6)
  An iguana (D:4)
  4 adders
  A white imp (D:6)
  3 worms
  A dart slug (D:1)
  8 orcs
  5 ball pythons
  6 bats
  7 endoplasms
  4 giant cockroaches
  6 goblins
  6 hobgoblins
  4 jackals (D:2)
  7 kobolds
  A quokka (D:3)
  A frilled lizard (D:1)
  5 rats
90 creatures vanquished.

Vanquished Creatures (others)
  8 fungi (D:5)
8 creatures vanquished.

Grand Total: 98 creatures vanquished

Notes
Turn   | Place    | Note
-------+----------+-------------------------------------------
     0 | D:1      | Aksej the Demonspawn Gladiator began the quest for the Orb.
     0 | D:1      | Reached XP level 1. HP: 16/16 MP: 1/1
   249 | D:1      | Gained mutation: You have a pair of small antennae on your
                  | head. [demonic ancestry]
   249 | D:1      | Reached XP level 2. HP: 22/22 MP: 2/2
   859 | D:2      | Gained mutation: You sometimes gain a little power by
                  | taking damage. [demonic ancestry]
   859 | D:2      | Reached XP level 3. HP: 22/27 MP: 3/3
  1379 | D:2      | Reached skill level 1 in Armour
  2317 | D:3      | Reached XP level 4. HP: 33/33 MP: 4/4
  3206 | D:4      | Gained mutation: You are partially covered in slimy green
                  | scales. (AC +2) [demonic ancestry]
  3206 | D:4      | Reached XP level 5. HP: 36/41 MP: 5/5
  3243 | D:4      | Found a staircase to the Ecumenical Temple.
  3253 | Temple   | Entered the Ecumenical Temple
  3306 | Temple   | Became a worshipper of Qazlal Stormbringer
  3460 | D:4      | Noticed an orc warrior
  3475 | D:4      | Killed an orc warrior
  3799 | D:4      | Reached XP level 6. HP: 44/47 MP: 6/6
  3851 | D:5      | Entered Level 5 of the Dungeon
  3952 | D:5      | Noticed Grinder
  3970 | D:5      | Killed Grinder
  3971 | D:5      | Reached skill level 1 in Stealth
  4327 | D:5      | Reached XP level 7. HP: 45/54 MP: 7/7
  4385 | D:5      | Found a hazy altar of Hepliaklqana.
  4385 | D:5      | Noticed Prince Ribbit
  4408 | D:5      | Killed Prince Ribbit
  4704 | D:5      | Noticed Menkaure
  4709 | D:5      | Killed Menkaure
  5032 | D:6      | Reached skill level 5 in Long Blades
  5063 | D:6      | Reached XP level 8. HP: 27/61 MP: 8/8
  5281 | D:6      | Found a shimmering blue altar of Sif Muna.
  5289 | D:6      | Found an iron altar of Okawaru.
  5302 | D:6      | Found a radiant altar of Vehumet.
  5330 | D:6      | Reached skill level 5 in Fighting
  6403 | D:6      | Reached skill level 5 in Dodging
  6654 | D:7      | Found a flagged portal.
  6672 | D:7      | Slain by a scorpion

Illustrated notes

Levels and vault maps discovered:
D:1:      amcnicky_arrival_feature_with_door, layout_loops_ring,
          lemuel_old_faithful
D:2:      layout_basic, minmay_pentomino_pile
D:3:      layout_basic, feat_on_display
D:4:      layout_loops_ring, minmay_temple_entry_steel_oval,
          kennysheep_generic_room_13
D:5:      layout_loops_cross, mainiacjoe_overflow_surrounded_room,
          serial_aquarium, aquarium_bridge_straight [aquarium_subvault_bridge,
          aquarium_subvault_balcony, aquarium_subvault_bridge,
          aquarium_subvault_wall], aquarium_bridge_square
          [aquarium_subvault_bridge, aquarium_subvault_bridge,
          aquarium_subvault_wall, aquarium_subvault_wall], aquarium_window_2,
          aquarium_window_fake, aquarium_view_2a, uniq_prince_ribbit1,
          uniq_grinder, uniq_menkaure
D:6:      layout_basic, mainiacjoe_overflow_brackets,
          mainiacjoe_overflow_big_doors
D:7:      layout_rooms, nemelex_dance_club_becter, trog_hazing_becter,
          serial_shops, nicolae_shop_window_shopping, enter_bailey_2
Temple:   kb_temple_of_zot

Skill      XL: |  1  2  3  4  5  6  7  8 |
---------------+-------------------------+-----
Long Blades    | 3 4 5 |  5.6
Dodging        | 3 4 5 |  5.1
Armour         | 1 2 3 |  3.6
Fighting       | 3 4 5 |  5.4
Throwing       | 2 3 |  3.2
Stealth        | 1 2 |  2.6

Action                   |  1- 3 |  4- 6 |  7- 9 || total
-------------------------+-------+-------+-------++-------
Melee: Long sword        |   132 |    87 |    97 ||   316
Throw: Throwing net      |       |     5 |     2 ||     7
       Boomerang         |       |       |    17 ||    17
  Use: Scroll            |     8 |     1 |     7 ||    16
       Potion            |     1 |     3 |     2 ||     6
 Stab: Sleeping          |     1 |     1 |     2 ||     4
       Held in net/web   |       |     1 |       ||     1
Armor: Leather armour    |    31 |    20 |    25 ||    76
Dodge: Dodged            |    81 |    67 |    65 ||   213

Table legend: (Time is in decaauts)
 A = Elapsed time spent in this place.
 B = Non-inter-level travel time spent in this place.
 C = Inter-level travel time spent in this place.
 D = Time resting spent in this place.
 E = Time spent auto-exploring this place.
 F = Levels seen in this place.
 G = Mean time per level.
                   A        B        C        D        E       F      G
               +--------+--------+--------+--------+--------+-----+--------+
         Total |   6736 |   6525 |    211 |      0 |   5631 |   8 |  842.0 |
       Dungeon |   6652 |   6470 |    182 |      0 |   5588 |   7 |  950.3 |
        Temple |     83 |     54 |     29 |      0 |     43 |   1 |   83.0 |
               +--------+--------+--------+--------+--------+-----+--------+

Top non-repeatable levels by time:
     D:6: 1617 daAuts
     D:5: 1181 daAuts
     D:2: 1179 daAuts
     D:4: 932 daAuts
     D:1: 862 daAuts
     D:3: 837 daAuts
  Temple: 83 daAuts
     D:7: 42 daAuts
